% Time on Ice - BOISE CARIBOUS
Lines # - Real PCT - Wanted PCT - Time Play
Normal Forward
1 - 32% - 31% - 13:24
2 - 31% - 30% - 13:06
3 - 21% - 24% - 8:55
4 - 15% - 15% - 6:22
Normal Defense
1 - 33% - 36% - 13:49
2 - 31% - 33% - 12:59
3 - 29% - 25% - 12:13
4 - 7% - 6% - 2:46
PP Forward
1 - 51% - 55% - 3:01
2 - 49% - 45% - 2:56
PP Defense
1 - 51% - 55% - 3:01
2 - 49% - 45% - 2:56
PK Forward
1 - 61% - 55% - 6:18
2 - 39% - 45% - 3:59
PK Defense
1 - 58% - 55% - 6:00
2 - 42% - 45% - 4:17
PK3 Forward
1 - 81% - 55% - 0:48
2 - 19% - 45% - 0:11
PK3 Defense
1 - 81% - 55% - 0:48
2 - 19% - 45% - 0:11
44 Forward
1 - 100% - 55% - 1:00
2 - 0% - 45% - 0:00
44 Defense
1 - 68% - 55% - 0:41
2 - 32% - 45% - 0:19
Last Minute Offensive  - 0:00
Last Minute Defensive  - 0:00
Total
Forward - 60:00
Defense - 60:00
% Time on Ice - BANFF WOLVES
Lines # - Real PCT - Wanted PCT - Time Play
Normal Forward
1 - 34% - 31% - 14:11
2 - 30% - 31% - 12:21
3 - 23% - 26% - 9:27
4 - 14% - 12% - 5:48
Normal Defense
1 - 36% - 36% - 14:51
2 - 28% - 31% - 11:52
3 - 33% - 23% - 13:49
4 - 3% - 10% - 1:15
PP Forward
1 - 58% - 55% - 5:57
2 - 42% - 45% - 4:20
PP Defense
1 - 60% - 55% - 6:11
2 - 40% - 45% - 4:06
PK Forward
1 - 59% - 55% - 3:31
2 - 41% - 45% - 2:26
PK Defense
1 - 53% - 55% - 3:09
2 - 47% - 45% - 2:48
PK3 Forward
1 - 0% - 55%
2 - 0% - 45%
PK3 Defense
1 - 0% - 55%
2 - 0% - 45%
44 Forward
1 - 86% - 55% - 1:42
2 - 14% - 45% - 0:17
44 Defense
1 - 53% - 55% - 1:03
2 - 47% - 45% - 0:56
Last Minute Offensive  - 0:00
Last Minute Defensive  - 0:00
Total
Forward - 60:00
Defense - 60:00
Play-by-Play 1st period 0:01 of 1st period - Radek Faksa wins face-off versus Jack Eichel in neutral zone. 0:10 of 1st period - Shot by Radek Faksa. 0:10 of 1st period - Stopped by Pavel Francouz without a rebound. 0:11 of 1st period - Kyle Turris wins face-off versus Roope Hintz in BANFF WOLVES zone. 0:18 of 1st period - Shot by Kyle Turris. 0:18 of 1st period - Shot Misses the Net. 0:26 of 1st period - Shot by Andre Burakovsky. 0:26 of 1st period - Shot Misses the Net. 0:42 of 1st period - Shot by Andre Burakovsky. 0:42 of 1st period - Stopped by Pavel Francouz with a rebound. 0:52 of 1st period - Shot by Dominik Kubalik. 0:52 of 1st period - Stopped by Pavel Francouz without a rebound. 0:53 of 1st period - Carl Soderberg wins face-off versus Joel Kellman in BANFF WOLVES zone. 1:12 of 1st period - Shot by James van Riemsdyk. 1:12 of 1st period - Shot Blocked by Will Butcher. 1:35 of 1st period - Carl Soderberg is hit by Kevin Connauton and loses puck. 2:54 of 1st period - Theodor Blueger is hit by Mike Ferland and loses puck. 3:03 of 1st period - Shot by Miles Wood. 3:03 of 1st period - Deflect By Mike Ferland. 3:03 of 1st period - Stopped by Alexandar Georgiev with a rebound. 3:11 of 1st period - Shot by Miles Wood. 3:11 of 1st period - Stopped by Alexandar Georgiev without a rebound. 3:12 of 1st period - Kyle Turris wins face-off versus Roope Hintz in BOISE CARIBOUS zone. 5:07 of 1st period - Shot by Radek Faksa. 5:07 of 1st period - Stopped by Pavel Francouz with a rebound. 5:09 of 1st period - Shot by Tom Wilson. 5:09 of 1st period - Stopped by Pavel Francouz without a rebound. 5:10 of 1st period - Joel Kellman wins face-off versus Carl Soderberg in BANFF WOLVES zone. 5:15 of 1st period - Shot by James van Riemsdyk. 5:15 of 1st period - Stopped by Alexandar Georgiev with a rebound. 5:17 of 1st period - Shot by Joel Kellman. 5:17 of 1st period - Shot Misses the Net. 5:19 of 1st period - Shot by Jamie Oleksiak. 5:19 of 1st period - Shot Misses the Net. 5:21 of 1st period - Shot by Trevor van Riemsdyk. 5:21 of 1st period - Stopped by Alexandar Georgiev without a rebound. 5:22 of 1st period - Theodor Blueger wins face-off versus Roope Hintz in BOISE CARIBOUS zone. 5:35 of 1st period - Shot by Theodor Blueger. 5:35 of 1st period - Deflect By Lawson Crouse. 5:35 of 1st period - Shot Misses the Net. 6:26 of 1st period - Darren Helm is hit by Joel Kellman and loses puck. 7:33 of 1st period - Shot by Brady Tkachuk. 7:33 of 1st period - Shot Misses the Net. 7:55 of 1st period - Off-side. 7:56 of 1st period - Antti Suomela wins face-off versus Radek Faksa in neutral zone. 8:15 of 1st period - Shot by Miles Wood. 8:15 of 1st period - Stopped by Alexandar Georgiev without a rebound. 8:16 of 1st period - Kyle Turris wins face-off versus Roope Hintz in BOISE CARIBOUS zone. 8:16 of 1st period - Kyle Turris is hit by Roope Hintz. 8:42 of 1st period - Alex Tuch is hit by Andre Burakovsky and loses puck. 9:06 of 1st period - Miro Heiskanen is hit by Kyle Turris and loses puck. 9:19 of 1st period - Tom Wilson is hit by James van Riemsdyk and loses puck. 9:36 of 1st period - Shot by Phil Kessel. 9:36 of 1st period - Stopped by Pavel Francouz with a rebound. 10:05 of 1st period - Tom Wilson is hit by Kevin Connauton and loses puck. 10:42 of 1st period - Shot by Miles Wood. 10:42 of 1st period - Shot Misses the Net. 10:48 of 1st period - Shot by Mike Ferland. 10:48 of 1st period - Stopped by Alexandar Georgiev without a rebound. 10:49 of 1st period - Roope Hintz wins face-off versus Theodor Blueger in BOISE CARIBOUS zone. 11:20 of 1st period - Shot by Nikita Gusev. 11:20 of 1st period - Shot Misses the Net. 11:24 of 1st period - Shot by Nikita Gusev. 11:24 of 1st period - Stopped by Alexandar Georgiev without a rebound. 11:25 of 1st period - Joel Kellman wins face-off versus Kyle Turris in BOISE CARIBOUS zone. 11:42 of 1st period - Shot by Kevin Labanc. 11:42 of 1st period - Shot Blocked by John Klingberg. 12:00 of 1st period - Shot by Kevin Labanc. 12:00 of 1st period - Shot Misses the Net. 12:03 of 1st period - Icing by Erik Cernak. 12:04 of 1st period - Kyle Turris wins face-off versus Jason Zucker in BOISE CARIBOUS zone. 12:10 of 1st period - Icing by John Klingberg. 12:11 of 1st period - Jack Eichel wins face-off versus Kyle Turris in BOISE CARIBOUS zone. 12:20 of 1st period - Shot by Jack Eichel. 12:20 of 1st period - Shot Misses the Net. 12:22 of 1st period - Shot by Mathew Dumba. 12:22 of 1st period - Stopped by Alexandar Georgiev with a rebound. 12:24 of 1st period - Shot by Brady Tkachuk. 12:24 of 1st period - Stopped by Alexandar Georgiev without a rebound. 12:25 of 1st period - Roope Hintz wins face-off versus Carl Soderberg in BOISE CARIBOUS zone. 12:26 of 1st period - Shot by Nikita Gusev. 12:26 of 1st period - Shot Misses the Net. 12:28 of 1st period - Shot by Nikita Gusev. 12:28 of 1st period - Shot Misses the Net. 12:30 of 1st period - Shot by Alex Tuch. 12:30 of 1st period - Stopped by Alexandar Georgiev without a rebound. 12:31 of 1st period - Jack Eichel wins face-off versus Tom Wilson in BOISE CARIBOUS zone. 12:46 of 1st period - Shot by Brady Tkachuk. 12:46 of 1st period - Stopped by Alexandar Georgiev with a rebound. 12:51 of 1st period - Brady Tkachuk is hit by Will Butcher and loses puck. 12:55 of 1st period - Minor Penalty to Will Butcher for Tripping. 12:56 of 1st period - Theodor Blueger wins face-off versus Roope Hintz in BOISE CARIBOUS zone. 12:56 of 1st period - Theodor Blueger is hit by Roope Hintz. 13:07 of 1st period - Shot by Jamie Oleksiak. 13:07 of 1st period - Shot Blocked by Rasmus Andersson. 13:09 of 1st period - Shot by Jamie Oleksiak. 13:09 of 1st period - Stopped by Alexandar Georgiev with a rebound. 13:11 of 1st period - Shot by Trevor van Riemsdyk. 13:11 of 1st period - Stopped by Alexandar Georgiev without a rebound. 13:12 of 1st period - Theodor Blueger wins face-off versus Jack Eichel in BOISE CARIBOUS zone. 13:31 of 1st period - Icing by Brady Tkachuk. 13:32 of 1st period - Theodor Blueger wins face-off versus Jack Eichel in BANFF WOLVES zone. 13:42 of 1st period - Darren Helm is hit by Mathew Dumba and loses puck. 14:01 of 1st period - Shot by Jack Eichel. 14:01 of 1st period - Shot Misses the Net. 14:09 of 1st period - Shot by Jack Eichel. 14:09 of 1st period - Stopped by Alexandar Georgiev with a rebound. 14:40 of 1st period - Shot by Kevin Labanc. 14:40 of 1st period - Shot Misses the Net. 15:02 of 1st period - Shot by Miles Wood. 15:02 of 1st period - Shot Blocked by Mike Reilly. 15:11 of 1st period - Icing by Andre Burakovsky. 15:12 of 1st period - Kyle Turris wins face-off versus Jack Eichel in BOISE CARIBOUS zone. 15:14 of 1st period - Icing by Dominik Kubalik. 15:15 of 1st period - Jack Eichel wins face-off versus Kyle Turris in BOISE CARIBOUS zone. 15:15 of 1st period - Jack Eichel is hit by Mike Reilly. 15:33 of 1st period - Shot by Brady Tkachuk. 15:33 of 1st period - Shot Misses the Net. 15:38 of 1st period - Miro Heiskanen is hit by Mike Reilly and loses puck. 15:42 of 1st period - Icing by Andre Burakovsky. 15:43 of 1st period - Roope Hintz wins face-off versus Kyle Turris in BOISE CARIBOUS zone. 16:12 of 1st period - Shot by Nikita Gusev. 16:12 of 1st period - Shot Misses the Net. 16:14 of 1st period - Shot by Jamie Oleksiak. 16:14 of 1st period - Shot Misses the Net. 16:19 of 1st period - Roope Hintz is hit by Mike Reilly and loses puck. 16:22 of 1st period - Shot by Nikita Gusev. 16:22 of 1st period - Stopped by Alexandar Georgiev with a rebound. 16:39 of 1st period - Kevin Labanc is hit by Tom Wilson and loses puck. 16:46 of 1st period - Minor Penalty to Erik Cernak for Interference. 16:47 of 1st period - Theodor Blueger wins face-off versus Jack Eichel in BOISE CARIBOUS zone. 17:20 of 1st period - Shot by Jack Eichel. 17:20 of 1st period - Shot Misses the Net. 18:12 of 1st period - Shot by Kevin Labanc. 18:12 of 1st period - Shot Misses the Net. 18:14 of 1st period - Shot by Roope Hintz. 18:14 of 1st period - Goal by Roope Hintz - BOISE CARIBOUS : 0 - BANFF WOLVES : 1. 18:15 of 1st period - Radek Faksa wins face-off versus Antti Suomela in neutral zone. 18:38 of 1st period - Shot by Tom Wilson. 18:38 of 1st period - Shot Misses the Net. 19:22 of 1st period - Shot by Kyle Turris. 19:22 of 1st period - Shot Blocked by Mathew Dumba. 19:24 of 1st period - Shot by Andre Burakovsky. 19:24 of 1st period - Stopped by Pavel Francouz with a rebound. Goals for this period are 0 for BOISE CARIBOUS vs 1 for BANFF WOLVES. Shots for this period are 7 for BOISE CARIBOUS vs 16 for BANFF WOLVES. 2nd period 0:01 of 2nd period - Roope Hintz wins face-off versus Carl Soderberg in neutral zone. 0:14 of 2nd period - Shot by Nikita Gusev. 0:14 of 2nd period - Shot Blocked by Darren Helm. 0:39 of 2nd period - Shot by Darren Helm. 0:39 of 2nd period - Stopped by Pavel Francouz without a rebound. 0:40 of 2nd period - Joel Kellman wins face-off versus Radek Faksa in BANFF WOLVES zone. 0:54 of 2nd period - Off-side. 0:55 of 2nd period - Jack Eichel wins face-off versus Theodor Blueger in neutral zone. 1:54 of 2nd period - Mike Reilly is hit by Brady Tkachuk and loses puck. 3:23 of 2nd period - Shot by Nikita Gusev. 3:23 of 2nd period - Deflect By Roope Hintz. 3:23 of 2nd period - Stopped by Alexandar Georgiev with a rebound. 3:32 of 2nd period - Shot by Joakim Ryan. 3:32 of 2nd period - Shot Misses the Net. 3:34 of 2nd period - Shot by Darren Helm. 3:34 of 2nd period - Shot Misses the Net. 3:36 of 2nd period - Shot by Darren Helm. 3:36 of 2nd period - Stopped by Pavel Francouz without a rebound. 3:37 of 2nd period - Kyle Turris wins face-off versus Antti Suomela in BANFF WOLVES zone. 3:42 of 2nd period - Shot by Dominik Kubalik. 3:42 of 2nd period - Stopped by Pavel Francouz without a rebound. 3:43 of 2nd period - Jack Eichel wins face-off versus Kyle Turris in BANFF WOLVES zone. 3:52 of 2nd period - Shot by Brady Tkachuk. 3:52 of 2nd period - Shot Misses the Net. 4:07 of 2nd period - Icing by Kyle Turris. 4:08 of 2nd period - Roope Hintz wins face-off versus Kyle Turris in BOISE CARIBOUS zone. 4:26 of 2nd period - Andre Burakovsky is hit by Kevin Connauton and loses puck. 4:29 of 2nd period - Shot by Joakim Ryan. 4:29 of 2nd period - Shot Misses the Net. 4:49 of 2nd period - Shot by Carl Soderberg. 4:49 of 2nd period - Shot Misses the Net. 4:51 of 2nd period - Shot by Darren Helm. 4:51 of 2nd period - Shot Misses the Net. 4:53 of 2nd period - Shot by Erik Cernak. 4:53 of 2nd period - Stopped by Pavel Francouz with a rebound. 4:55 of 2nd period - Shot by Carl Soderberg. 4:55 of 2nd period - Stopped by Pavel Francouz with a rebound. 5:01 of 2nd period - Shot by Darren Helm. 5:01 of 2nd period - Stopped by Pavel Francouz without a rebound. 5:02 of 2nd period - Radek Faksa wins face-off versus Joel Kellman in BANFF WOLVES zone. 5:03 of 2nd period - Shot by Tom Wilson. 5:03 of 2nd period - Shot Misses the Net. 5:06 of 2nd period - Icing by Jamie Oleksiak. 5:07 of 2nd period - Radek Faksa wins face-off versus Joel Kellman in BANFF WOLVES zone. 5:09 of 2nd period - Tom Wilson is hit by Jamie Oleksiak and loses puck. 5:13 of 2nd period - Phil Kessel is hit by Jamie Oleksiak. 5:26 of 2nd period - Icing by Tom Wilson. 5:27 of 2nd period - Phil Kessel wins face-off versus Jack Eichel in BOISE CARIBOUS zone. 5:41 of 2nd period - Icing by Mike Reilly. 5:42 of 2nd period - Joel Kellman wins face-off versus Radek Faksa in BOISE CARIBOUS zone. 5:42 of 2nd period - Joel Kellman is hit by Mike Reilly. 5:45 of 2nd period - Kevin Labanc is hit by Will Butcher and loses puck. 5:54 of 2nd period - Shot by Tom Wilson. 5:54 of 2nd period - Shot Misses the Net. 5:56 of 2nd period - Shot by Tom Wilson. 5:56 of 2nd period - Shot Misses the Net. 5:58 of 2nd period - Shot by Will Butcher. 5:58 of 2nd period - Shot Blocked by Jamie Oleksiak. 6:11 of 2nd period - Shot by Phil Kessel. 6:11 of 2nd period - Shot Blocked by Trevor van Riemsdyk. 6:21 of 2nd period - Shot by Kevin Labanc. 6:21 of 2nd period - Shot Misses the Net. 7:18 of 2nd period - John Klingberg is hit by Alex Tuch and loses puck. 7:34 of 2nd period - Icing by Jack Eichel. 7:35 of 2nd period - Jack Eichel wins face-off versus Theodor Blueger in BANFF WOLVES zone. 8:26 of 2nd period - Minor Penalty to Kevin Labanc for Holding. 8:27 of 2nd period - Roope Hintz wins face-off versus Radek Faksa in BANFF WOLVES zone. 8:33 of 2nd period - Icing by Dominik Kubalik. 8:34 of 2nd period - Radek Faksa wins face-off versus Roope Hintz in BOISE CARIBOUS zone. 8:43 of 2nd period - Shot by Dominik Kubalik. 8:43 of 2nd period - Deflect By Kyle Turris. 8:43 of 2nd period - Stopped by Pavel Francouz with a rebound. 8:45 of 2nd period - Shot by Mike Reilly. 8:45 of 2nd period - Shot Blocked by Miro Heiskanen. 8:47 of 2nd period - Shot by Mike Reilly. 8:47 of 2nd period - Deflect By Dominik Kubalik. 8:47 of 2nd period - Stopped by Pavel Francouz without a rebound. 8:48 of 2nd period - Carl Soderberg wins face-off versus Roope Hintz in BANFF WOLVES zone. 9:03 of 2nd period - Shot by Tom Wilson. 9:03 of 2nd period - Stopped by Pavel Francouz without a rebound. 9:04 of 2nd period - Jason Zucker wins face-off versus Radek Faksa in BANFF WOLVES zone. 9:17 of 2nd period - Shot by Dominik Kubalik. 9:17 of 2nd period - Shot Misses the Net. 9:19 of 2nd period - Shot by Dominik Kubalik. 9:19 of 2nd period - Shot Misses the Net. 9:21 of 2nd period - Shot by Radek Faksa. 9:21 of 2nd period - Shot Misses the Net. 9:23 of 2nd period - Shot by Dominik Kubalik. 9:23 of 2nd period - Shot Misses the Net. 10:04 of 2nd period - Off-side. 10:05 of 2nd period - Carl Soderberg wins face-off versus Roope Hintz in neutral zone. 10:14 of 2nd period - Shot by Tom Wilson. 10:14 of 2nd period - Stopped by Pavel Francouz without a rebound. 10:15 of 2nd period - Jason Zucker wins face-off versus Carl Soderberg in BANFF WOLVES zone. 10:28 of 2nd period - Shot by Lawson Crouse. 10:28 of 2nd period - Stopped by Pavel Francouz with a rebound. 10:38 of 2nd period - Shot by James van Riemsdyk. 10:38 of 2nd period - Stopped by Alexandar Georgiev with a rebound. 10:50 of 2nd period - Shot by James van Riemsdyk. 10:50 of 2nd period - Stopped by Alexandar Georgiev without a rebound. 10:51 of 2nd period - Roope Hintz wins face-off versus Carl Soderberg in BOISE CARIBOUS zone. 11:01 of 2nd period - Carl Soderberg is hit by Mathew Dumba and loses puck. 11:09 of 2nd period - Miro Heiskanen is hit by Erik Cernak and loses puck. 11:51 of 2nd period - Icing by Jamie Oleksiak. 11:52 of 2nd period - Radek Faksa wins face-off versus Joel Kellman in BANFF WOLVES zone. 11:52 of 2nd period - Radek Faksa is hit by Jamie Oleksiak. 12:04 of 2nd period - Shot by Radek Faksa. 12:04 of 2nd period - Stopped by Pavel Francouz without a rebound. 12:05 of 2nd period - Jack Eichel wins face-off versus Kyle Turris in BANFF WOLVES zone. 12:41 of 2nd period - Andre Burakovsky is hit by Kevin Connauton and loses puck. 14:04 of 2nd period - Off-side. 14:05 of 2nd period - Carl Soderberg wins face-off versus Antti Suomela in neutral zone. 14:20 of 2nd period - Shot by Carl Soderberg. 14:20 of 2nd period - Shot Misses the Net. 14:23 of 2nd period - Icing by Mathew Dumba. 14:24 of 2nd period - Antti Suomela wins face-off versus Theodor Blueger in BANFF WOLVES zone. 15:05 of 2nd period - Jack Eiche